 Dungeon Crawl Stone Soup version 0.30-a0-845-g7c6808c8ce (webtiles) character file.

Game seed: 5524618590280682742

100 lunkers the Cutter (level 5, -2/45 HPs)
             Began as a Meteoran Fighter on Mar 2, 2023.
             Slain by a sky beast (6 damage)
             ... on level 4 of the Dungeon.
             The game lasted 00:03:27 (1331 turns).

lunkers the Cutter (Meteoran Fighter)               Turns: 1331, Time: 00:03:28

Health: -2/45      AC: 11    Str: 17    XL:     5   Next: 24%
Magic:  6/6        EV:  9    Int:  9    God:
Gold:   164        SH:  5    Dex: 16    Spells: 4/4 levels left

rFire   . . .      SeeInvis .    b - +2 short sword (elec)
rCold   . . .      Faith    .    c - +0 buckler
rNeg    . . .      Spirit   .    d - +0 scale mail
rPois   .          Reflect  .    (no helmet)
rElec   .          Rampage  .    o - +2 cloak
rCorr   .                        m - +0 pair of gloves
Will    .....                    (no boots) Stlth
                                 (no amulet)
HPRegen 0.27/turn                (no ring)
MPRegen 0.10/turn                (no ring)

@: glowing
A: sense surroundings 1, otherworldly, glowing, explore regen
a: no special abilities


You were on level 4 of the Dungeon.
You visited 1 branch of the dungeon, and saw 4 of its levels.

You collected 164 gold pieces.

Inventory:

Hand Weapons
 a - a +0 rapier
 b - a +2 short sword of electrocution (weapon)
Missiles
 h - a throwing net
 r - 6 curare-tipped darts
Armour
 c - a +0 buckler (worn)
 d - a +0 scale mail (worn)
 m - a +0 pair of gloves (worn)
 o - a +2 cloak (worn)
Scrolls
 e - 2 scrolls of identify {unknown}
 f - 3 scrolls of teleportation {unknown}
 g - a scroll of brand weapon {unknown}
 i - 4 scrolls of enchant weapon {unknown}
 l - a scroll of acquirement {unknown}
 n - a scroll of amnesia {unknown}
 s - a scroll of fear {unknown}
 u - 2 scrolls of magic mapping {unknown}
Potions
 j - 2 potions of curing {unknown}
 k - a potion of degeneration {unknown}
 p - a potion of heal wounds
 q - a potion of flight {unknown}
 t - a potion of berserk rage {unknown}
 v - a potion of lignification {unknown}
 w - 3 potions of attraction {unknown}


   Skills:
 - Level 3.2 Fighting
 + Level 5.2 Short Blades
 - Level 3.6 Armour
 - Level 3.6 Shields


You had 4 spell levels left.
You didn't know any spells.
Your spell library contained the following spells:

 Spells                   Type           Power      Damage    Failure   Level
 Apportation              Tloc           0%         N/A       87%         1
 Necrotise                Necr           0%         1d4       87%         1
 Summon Small Mammal      Summ           0%         N/A       87%         1
 Ignite Poison            Fire/Tmut/Pois 0%         N/A       99%         3
 Kindle Blastsparks       Fire/Tloc/Air  0%         2d10      99%         3
 Freezing Cloud           Conj/Ice/Air   0%         6-21      100%        5


Dungeon Overview and Level Annotations

Branches:
Dungeon (4/15) Zot: 1088
 Temple: D:4-7

Altars:


Innate Abilities, Weirdness & Mutations

You passively map a small area around you.
You are easily found by Zot.
You glow in the dark.
You regain HP and MP as you explore.


Message History

You closely miss the sky beast.
The sky beast is moderately wounded.
Unknown command.
You barely miss the sky beast.
The sky beast is moderately wounded.
You block the sky beast's attack.
You closely miss the sky beast.
The sky beast is moderately wounded.
The sky beast barely misses you.
You puncture the sky beast!
The sky beast is heavily wounded.
The sky beast flickers out of sight!
Deactivating autopickup; reactivate with Ctrl-A.
Something hits you but does no damage. Something hits you.
* * * LOW HITPOINT WARNING * * *
Something shocks you.
* * * LOW HITPOINT WARNING * * *
You closely miss something. You hit something. Something hits you.
* * * LOW HITPOINT WARNING * * *
Something shocks you.
* * * LOW HITPOINT WARNING * * *
You hit something. Something hits you but does no damage.
Unknown command.
You closely miss something. Something hits you but does no damage.
You hit something. You miss something. Something hits you but does no damage.
You barely miss something. Something hits you but does no damage.
You barely miss something. Something hits you but does no damage.
You closely miss something. You hit something. You block something's attack.
You hit something but do no damage. Something hits you but does no damage.
You hit something. Something hits you but does no damage.
You closely miss something. Something hits you but does no damage.
You barely miss something. You miss something. Something hits you.
* * * LOW HITPOINT WARNING * * *
Something shocks you.
You die...

#.# #.#
####.#
*#....# *
*
*#.###.##
, ,* ##.##
##
##.###...#
* *
#.......#
*,
##@###...#
* ##{##
##* * ,
#†## *
#....# **,
* *####.#
..# * ...
* , ,*
.... * , ,
....


There were no monsters in sight!

Vanquished Creatures
  Natasha (D:2)
  3 adders
  A worm (D:3)
  A dart slug (D:2)
  An orc (D:3)
  2 ball pythons
  2 bats
  4 endoplasms
  A giant cockroach (D:3)
  2 goblins (D:3)
  2 hobgoblins (D:1)
  4 jackals (D:4)
  3 quokkas
  2 frilled lizards (D:1)
  8 kobolds
  5 rats
42 creatures vanquished.

Notes
Turn   | Place    | Note
-------+----------+-------------------------------------------
     0 | D:1      | lunkers the Meteoran Fighter began the quest for the Orb.
     0 | D:1      | Reached XP level 1. HP: 19/19 MP: 2/2
    81 | D:1      | Reached XP level 2. HP: 26/26 MP: 3/3
   113 | D:1      | Reached skill level 3 in Short Blades
   571 | D:2      | Reached XP level 3. HP: 27/31 MP: 4/4
   667 | D:2      | Noticed Natasha
   672 | D:2      | Reached skill level 4 in Short Blades
   685 | D:2      | Killed Natasha
   686 | D:2      | Reached XP level 4. HP: 9/38 MP: 5/5
   860 | D:3      | Reached skill level 5 in Short Blades
   860 | D:3      | Reached XP level 5. HP: 45/45 MP: 6/6
  1289 | D:4      | Noticed a sky beast
  1331 | D:4      | Slain by a sky beast

Illustrated notes

Levels and vault maps discovered:
D:1:      ncdulo_halloftheorcs, layout_rooms, minmay_tripent
D:2:      layout_basic, uniq_natasha
D:3:      layout_basic
D:4:      layout_loops_corners, uniq_robin

Skill      XL: |  1  2  3  4 |
---------------+-------------+-----
Short Blades   | 3 4 5 |  5.2
Fighting       | |  3.2
Armour         | |  3.6
Shields        | |  3.6

Action                     |  1- 3 |  4- 6 || total
---------------------------+-------+-------++-------
  Melee: Rapier            |    35 |       ||    35
         Short sword       |    29 |    84 ||   113
    Use: Potion            |     2 |       ||     2
 Armour: Scale mail        |    35 |    36 ||    71
  Dodge: Dodged            |    14 |    14 ||    28
  Block: Buckler           |    16 |     9 ||    25

Table legend: (Time is in decaauts)
 A = Elapsed time spent in this place.
 B = Non-inter-level travel time spent in this place.
 C = Inter-level travel time spent in this place.
 D = Time resting spent in this place.
 E = Time spent auto-exploring this place.
 F = Levels seen in this place.
 G = Mean time per level.
                   A        B        C        D        E       F      G
               +--------+--------+--------+--------+--------+-----+--------+
         Total |   1311 |   1265 |     46 |      0 |    938 |   4 |  327.8 |
       Dungeon |   1311 |   1265 |     46 |      0 |    938 |   4 |  327.8 |
               +--------+--------+--------+--------+--------+-----+--------+

Top non-repeatable levels by time:
     D:1: 478 daAuts
     D:3: 344 daAuts
     D:4: 255 daAuts
     D:2: 232 daAuts
